 Dungeon Crawl Stone Soup version 0.29-a0-371-g91724d5b39 (webtiles) character file.

Game seed: 5928717042909607808

4060 Sweeb the Sneak (level 9, -1/69 (74) HPs)
             Began as a Demigod Enchanter on May 3, 2022.
             Slain by a komodo dragon (22 damage)
             ... on level 8 of the Dungeon.
             The game lasted 00:23:57 (8953 turns).

Sweeb the Sneak (Demigod Enchanter)                 Turns: 8953, Time: 00:23:58

HP:   -1/69 (74)    AC:  7    Str:  9    XL:     9   Next: 76%
MP:   16/20         EV: 16    Int: 29    God:
Gold: 1117          SH:  0    Dex: 24    Spells: 11/18 levels left

rFire   . . .      SeeInvis .   a - +1 dagger (chaos)
rCold   . . .      Faith    .   (no shield)
rNeg    . . .      Spirit   .   b - +0 robe
rPois   .          Reflect  .   k - +2 hat
rElec   .          Harm     .   (no cloak)
rCorr   .          Rampage  .   (no gloves)
Will    +....                   r - +2 pair of boots
Stlth   ++++......              (no amulet)
HPRegen 0.21/turn               d - ring "Lautawni" {Wiz Will+ Int+4}
MPRegen 0.17/turn               g - +6 ring of dexterity

@: very slightly contaminated, drained
A: high MP 1, forlorn, divine attributes
a: no special abilities


You were on level 8 of the Dungeon.
You visited 2 branches of the dungeon, and saw 9 of its levels.

You collected 1195 gold pieces.
You spent 78 gold pieces at shops.

Inventory:

Hand Weapons
 a - a +1 dagger of chaos (weapon)
 s - a +0 short sword
 t - a +0 dagger
 w - a +0 rapier
Armour
 b - a +0 robe (worn)
 k - a +2 hat (worn)
 r - a +2 pair of boots (worn)
Jewellery
 d - the ring "Lautawni" (left hand) {Wiz Will+ Int+4}
   (You acquired it on level 5 of the Dungeon)

   [ring of wizardry]

   It improves your spell success rate.
   Int:       It affects your intelligence (+4).
   Will:      It increases your willpower.
 f - a +4 ring of protection
 g - a +6 ring of dexterity (right hand)
Wands
 e - a wand of paralysis (10)
 j - a wand of digging (7)
 p - a wand of flame (16)
 x - a wand of polymorph (12)
Scrolls
 v - a scroll of amnesia
Potions
 c - a potion of cancellation
 h - 5 potions of curing
 i - a potion of might
 l - 4 potions of flight
 m - a potion of berserk rage
 n - a potion of mutation {unknown}
 o - a potion of attraction {unknown}
 q - 3 potions of brilliance
 u - a potion of degeneration {unknown}
 z - a potion of heal wounds {unknown}


   Skills:
 + Level 5.2 Fighting
 + Level 5.3 Short Blades
 + Level 5.7 Dodging
 + Level 6.7 Stealth
 + Level 5.2 Spellcasting
 - Level 4.0 Hexes
 + Level 4.1 Evocations


You had 11 spell levels left.
You knew the following spells:

 Your Spells              Type           Power      Damage    Failure   Level
a - Ensorcelled Hibernat  Hex/Ice        38%        N/A       1%          2
b - Confusing Touch       Hex            30%        N/A       1%          3
c - Poisonous Vapours     Pois/Air       14%        N/A       4%          2

Your spell library contained the following spells:

 Spells                   Type           Power      Damage    Failure   Level
 Tukima's Dance           Hex            30%        N/A       1%          3
 Dazzling Flash           Conj/Hex       38%        N/A       3%          3
 Corpse Rot               Necr/Air       14%        N/A       4%          2
 Gell's Gravitas          Tloc           7%         N/A       8%          3
 Lesser Beckoning         Tloc           7%         N/A       8%          3
 Teleport Other           Tloc           7%         N/A       8%          3
 Leda's Liquefaction      Hex/Erth       9%         N/A       11%         4
 Lee's Rapid Deconstruct  Erth           3%         3d6*      52%         5
 Statue Form              Tmut/Erth      4%         N/A       97%         6


Dungeon Overview and Level Annotations

Branches:
Dungeon (8/15)             Temple (1/1) D:6
   Lair: D:8-11

Shops:
D:8 *

Annotations:
D:3 1 runed translucent door, Crazy Yiuf
D:4 Duvessa
D:8 2 transporters, Erica; OTABOTABOTAB's ghost, novice DECj


Innate Abilities, Weirdness & Mutations

You have an increased reservoir of magic. (+10% MP)
You shall have no god before yourself.
Your divine heritage dramatically boosts your attributes as you level up.


Message History

You close the door.
You start waiting.
An orc opens the door.
It is wielding a +0 dagger.
The orc closely misses you.
You hit the orc but do no damage. The orc completely misses you.
You hit the orc but do no damage. Lightning courses through the orc!
You kill the orc!
There is an open door here.
Things that are here:
a +0 dagger; a +0 ring mail; an orc corpse
Found 10 gold pieces.
Found a plate armour, 12 gold pieces and a scroll of identify.
You now have 1117 gold pieces (gained 10).
Erica the Fiery-Tempered comes into view.
She is wielding a +1 scimitar of flaming.
Casting: Confusing Touch (safe; 1% risk of failure)
Confirm with . or Enter, or press ? or * to list all spells.
Okay, then.
Okay, then.
Okay, then.
The komodo dragon hisses angrily.
Erica shouts!
The komodo dragon bites you!
Erica hits you with a +1 scimitar of flaming!
Erica burns you.
Casting: Confusing Touch (safe; 1% risk of failure)
Confirm with . or Enter, or press ? or * to list all spells.
Aiming: Ensorcelled Hibernation (safe; 1% risk of failure)
Press: ? - help, Shift-Dir - straight line, f - komodo dragon
Aim: a komodo dragon (chance to affect: 34%)
You miscast Ensorcelled Hibernation.
You are very lightly contaminated with residual magic.
Nothing appears to happen.
The komodo dragon barely misses you.
Erica hits you with a +1 scimitar of flaming!
Erica burns you!
Casting: Ensorcelled Hibernation (safe; 1% risk of failure)
Confirm with . or Enter, or press ? or * to list all spells.
Aiming: Ensorcelled Hibernation (safe; 1% risk of failure)
Press: ? - help, Shift-Dir - straight line, f - Erica, p - komodo dragon
Aim: Erica, wielding a +1 scimitar of flaming and wearing a +0 robe (chance to affect: 19%) Erica resists with almost no effort.
The komodo dragon bites you!!
You die...

########
#l@..?.#
#.@....###
####.###$...#
#....#[#....#
#.####+####.##
#.#.^#^#^.#?.#
#.##^#.#^##..#
#.#.^#.#^.#..##
#.##^#.#^##...#
#.#.^#.#^.#.#.#


You could see Erica and a komodo dragon.

Vanquished Creatures
  6 yaks (D:8)
  3 vampire mosquitoes (D:7)
  A water moccasin (D:8)
  An ice beast (D:5)
  4 black bears
  A sky beast (D:7)
  2 orc warriors
  A centaur (D:8)
  An ogre (D:5)
  2 phantoms (D:6)
  A necrophage (D:7)
  A gnoll sergeant (D:8)
  3 scorpions
  5 wights (D:8)
  4 howler monkeys
  A crimson imp (D:6)
  5 hounds
  3 jellies (D:5)
  5 orc priests
  5 iguanas
  3 orc wizards
  8 gnolls
  6 adders
  3 white imps
  A worm (D:2)
  2 dart slugs
  29 orcs
  5 bats
  6 endoplasms
  A giant cockroach (D:2)
  5 goblins
  8 hobgoblins
  3 jackals (D:1)
  2 quokkas
  5 ball pythons
  A frilled lizard (D:2)
  2 goblin skeletons (D:6)
  A goblin zombie (D:6)
  A hobgoblin zombie (D:6)
  4 kobolds
  A kobold zombie (D:6)
  2 orc skeletons (D:6)
  2 orc zombies (D:6)
  4 rats
  A spectral orc (D:5)
161 creatures vanquished.

Vanquished Creatures (others)
  A necrophage (D:7)
1 creature vanquished.

Grand Total: 162 creatures vanquished

Notes
Turn   | Place    | Note
-------+----------+-------------------------------------------
     0 | D:1      | Sweeb the Demigod Enchanter began the quest for the Orb.
     0 | D:1      | Reached XP level 1. HP: 14/14 MP: 5/5
    51 | D:1      | Reached skill level 1 in Short Blades
   486 | D:1      | Reached XP level 2. HP: 21/22 MP: 7/7
   561 | D:1      | Learned a level 2 spell: Ensorcelled Hibernation
   659 | D:1      | You fall into a shaft and drop 1 floor!
  1199 | D:1      | Reached skill level 3 in Stealth
  1969 | D:2      | Reached XP level 3. HP: 27/27 MP: 8/8
  2243 | D:2      | Reached skill level 1 in Fighting
  3328 | D:3      | Found a runed translucent door.
  3329 | D:3      | Noticed Crazy Yiuf
  3441 | D:3      | Reached XP level 4. HP: 35/35 MP: 10/10
  3805 | D:4      | Noticed Duvessa
  3812 | D:5      | Entered Level 5 of the Dungeon
  3812 | D:5      | Noticed an ice beast
  3857 | D:5      | Noticed an ogre
  3863 | D:5      | Killed an ogre
  3864 | D:5      | Reached XP level 5. HP: 12/40 MP: 8/11
  4373 | D:5      | Reached XP level 6. HP: 48/48 MP: 3/13
  4457 | D:5      | Reached skill level 4 in Stealth
  4709 | D:5      | Identified 2 scrolls of acquirement
  4709 | D:5      | Acquired 797 gold pieces
  4711 | D:5      | Acquired the ring "Lautawni" {Wiz Will+ Int+4}
  4810 | D:5      | Reached XP level 7. HP: 56/56 MP: 14/14
  4844 | D:5      | Learned a level 3 spell: Confusing Touch
  5268 | D:6      | Noticed a +0 dagger
  5330 | D:6      | Reached skill level 1 in Evocations
  5337 | D:6      | Found a staircase to the Ecumenical Temple.
  5347 | Temple   | Entered the Ecumenical Temple
  5402 | D:6      | Noticed a +0 dagger
  5870 | D:6      | Reached XP level 8. HP: 35/63 MP: 10/16
  5883 | D:6      | Reached skill level 5 in Stealth
  7415 | D:7      | Learned a level 2 spell: Poisonous Vapours
  7538 | D:7      | Reached XP level 9. HP: 69/72 MP: 19/19
  7784 | D:8      | Reached skill level 5 in Dodging
  7784 | D:8      | Reached skill level 6 in Stealth
  7797 | D:8      | Reached skill level 5 in Short Blades
  7884 | D:8      | Reached skill level 5 in Fighting
  7884 | D:8      | Reached skill level 5 in Spellcasting
  8053 | D:8      | Found Hugaef's Assorted Antiques.
  8101 | D:8      | Bought a scroll labelled XAGUOZ YZULADD for 20 gold pieces
  8101 | D:8      | Bought a scroll of identify for 40 gold pieces
  8101 | D:8      | Bought a pink potion for 18 gold pieces
  8227 | D:8      | Noticed a cacodemon
  8278 | D:8      | Found a transporter.
  8279 | D:8      | Noticed OTABOTABOTAB's ghost (novice DECj)
  8287 | D:8      | Found a transporter.
  8829 | D:8      | Noticed a komodo dragon
  8935 | D:8      | Noticed Erica
  8953 | D:8      | Slain by a komodo dragon

Illustrated notes

Levels and vault maps discovered:
D:1:      dpeg_arrival_morbid_curiosity, layout_basic,
          ebering_ecumenical_altar_webs, serial_bayou_pond_e
D:2:      layout_loops_cross, corner_web_ring, st_stairs_9
D:3:      layout_basic, mainiacjoe_overflow_catwalk_spiral, fedhas_altar_4,
          mainiacjoe_overflow_concentric_impassable, uniq_crazy_yiuf_cottage
D:4:      layout_loops_ring, grunt_dithmenos_smoke, uniq_duvessa, uniq_ijyb
D:5:      layout_loops_ring, yredelemnul_forgotten_temple_becter,
          marbit_many_paths, grunt_ministairs_14
D:6:      layout_loops_ring, nicolae_tso_besieged_by_evil,
          dancing_weapons_uskayaw, minmay_temple_entry_wispy
D:7:      layout_rooms, mainiacjoe_overflow_catwalk
D:8:      layout_rooms, mainiacjoe_overflow_paths, makhleb_altar_promises_db,
          gammafunk_ghost_smash, serial_shops, nicolae_shop_overgrown_old_shop,
          grunt_tough_drop, uniq_erica
Temple:   eino_wide_crystal_templ

Skill      XL: |  1  2  3  4  5  6  7  8  9 |
---------------+----------------------------+-----
Short Blades   | 1 2 3 4 5 |  5.3
Spellcasting   | 2 3 4 5 |  5.2
Dodging        | 2 3 4 5 |  5.7
Stealth        | 3 4 5 6 |  6.7
Hexes          | 3 4 |  4.0
Fighting       | 1 2 3 4 5 |  5.2
Evocations     | 1 3 4 |  4.1

Action                   |  1- 3 |  4- 6 |  7- 9 || total
-------------------------+-------+-------+-------++-------
Melee: Dagger            |   181 |    92 |   302 ||   575
       Punch             |     1 |     1 |     4 ||     6
 Cast: Ensorcelled Hiber |       |     9 |    78 ||    87
       Confusing Touch   |       |       |    19 ||    19
Evoke: Wand              |       |       |     2 ||     2
  Use: Scroll            |     6 |     4 |     8 ||    18
       Potion            |       |       |     3 ||     3
 Stab: Sleeping          |     8 |    11 |    52 ||    71
       Confused          |       |       |    13 ||    13
       Invisible         |       |       |     2 ||     2
       Distracted        |       |       |     2 ||     2
Armor: Robe              |    61 |    43 |    47 ||   151
Dodge: Dodged            |   111 |    56 |   190 ||   357

Table legend: (Time is in decaauts)
 A = Elapsed time spent in this place.
 B = Non-inter-level travel time spent in this place.
 C = Inter-level travel time spent in this place.
 D = Time resting spent in this place.
 E = Time spent auto-exploring this place.
 F = Levels seen in this place.
 G = Mean time per level.
                   A        B        C        D        E       F      G
               +--------+--------+--------+--------+--------+-----+--------+
         Total |   8873 |   8534 |    339 |   2661 |   3808 |   9 |  985.9 |
       Dungeon |   8834 |   8495 |    339 |   2624 |   3808 |   8 | 1104.2 |
        Temple |     38 |     38 |      0 |     37 |      0 |   1 |   38.0 |
               +--------+--------+--------+--------+--------+-----+--------+

Top non-repeatable levels by time:
     D:1: 1567 daAuts
     D:5: 1443 daAuts
     D:7: 1357 daAuts
     D:6: 1224 daAuts
     D:2: 1180 daAuts
     D:8: 1009 daAuts
     D:3: 970 daAuts
     D:4: 80 daAuts
  Temple: 38 daAuts
